 Dungeon Crawl Stone Soup version 0.30.0-5-g1a98f26d00 (webtiles) character file.

Game seed: 13177962440981403624

93991 thromnambular the Warrior (level 16, -8/149 HPs)
             Began as a Ghoul Warper on May 12, 2023.
             Was the Champion of Wu Jian.
             Shot with an arrow by a centaur warrior (10 damage)
             ... on level 15 of the Dungeon.
             The game lasted 01:41:06 (27358 turns).

thromnambular the Warrior (Ghoul Warper)           Turns: 27358, Time: 01:41:06

Health: -8/149     AC: 16    Str: 23    XL:     16   Next: 10%
Magic:  21/21      EV: 17    Int: 10    God:    Wu Jian [******]
Gold:   765        SH:  0    Dex: 16    Spells: 1/23 levels left

rFire   + .          .
                       - Unarmed
rCold   + . .        (no shield)
rNeg    + + +        t - +4 ring mail
rPois   ∞            M - +2 hat {Stlth+}
rElec   .            (no cloak)
rCorr   +            (no gloves)
SInv    .            d - +2 pair of boots
Will    ++...        I - amulet "Dacaimif" {RegenMP rPois rF+ rCorr Str+4}
Stlth   ++           B - ring of willpower
HPRegen 0.00/turn    n - +6 ring of dexterity
MPRegen 0.57/turn

%: no passive effects
@: inhibited regen
A: claws 1, cold resistance 1, negative energy resistance 3, inhibited
regeneration, torment resistance 2, devour on kill
a: Renounce Religion, Wall Jump, Serpent's Lash, Heavenly Storm


You were on level 15 of the Dungeon.
You worshipped Wu Jian.
Wu Jian was exalted by your worship.
You visited 3 branches of the dungeon, and saw 21 of its levels.
You also visited: Bailey.

You collected 2230 gold pieces.
You spent 1465 gold pieces at shops.

Inventory:

Hand Weapons
 a - the +8 storm bow {elec, penet}
   (You bought it in a shop on level 8 of the Dungeon)
Missiles
 c - 2 boomerangs of dispersal
 g - 11 boomerangs (quivered)
 F - 12 javelins
Armour
 d - a +2 pair of boots (worn)
 t - a +4 ring mail (worn)
 M - a +2 hat of stealth (worn)
Jewellery
 h - an amulet of the acrobat
 m - a ring of flight
 n - a +6 ring of dexterity (right claw)
 B - a ring of willpower (left claw)
 I - the amulet "Dacaimif" (around neck) {RegenMP rPois rF+ rCorr Str+4}
   (You acquired it on level 10 of the Dungeon)

   [amulet of magic regeneration]

   It increases your rate of magic regeneration.
   Str:       It affects your strength (+4).
   rF:        It protects you from fire.
   rPois:     It protects you from poison.
   rCorr:     It protects you from acid and corrosion.
 R - a ring of protection from cold
Wands
 f - a wand of mindburst (14)
 i - a wand of digging (8)
 w - a wand of charming (34)
 y - a wand of light (8)
 E - a wand of iceblast (7)
 Q - a wand of polymorph (6)
Scrolls
 b - 2 scrolls of blinking
 e - a scroll of teleportation
 k - 2 scrolls of immolation
 l - a scroll of enchant armour
 o - a scroll of magic mapping
 q - 4 scrolls of torment
 x - a scroll of amnesia
 C - 3 scrolls of vulnerability
 D - 2 scrolls of brand weapon
 H - 2 scrolls of enchant weapon
 L - 9 scrolls of identify
Potions
 p - a potion of ambrosia
 u - 3 potions of resistance
 v - a potion of curing
 A - 3 potions of cancellation
 G - 7 potions of brilliance
 K - a potion of flight
 P - 2 potions of magic
 S - 3 potions of haste
 T - a potion of might
Miscellaneous
 j - a phantom mirror


   Skills:
 - Level 15.0 Fighting
 + Level 11.1 Ranged Weapons
 - Level 4.0 Throwing
 - Level 10.0 Armour
 + Level 10.7 Dodging
 - Level 14.5 Unarmed Combat
 - Level 4.1 Spellcasting
 + Level 3.4 Hexes
 - Level 5.0 Translocations


You had one spell level left.
You knew the following spells:

 Your Spells              Type           Power      Damage    Failure   Level
a - Manifold Assault      Tloc           12%        N/A       43%         4
b - Blink                 Tloc           24%        N/A       7%          2
c - Teleport Other        Tloc           12%        N/A       14%         3
d - Momentum Strike       Conj/Tloc      14%        3d8       21%         2
e - Vhi's Electric Charg  Tloc/Air       14%        N/A       36%         3
f - Lesser Beckoning      Tloc           24%        N/A       7%          2
g - Portal Projectile     Hex/Tloc       20%        N/A       19%         3
h - Confusing Touch       Hex            8%         N/A       26%         3

Your spell library contained the following spells:

 Spells                   Type           Power      Damage    Failure   Level
 Kiss of Death            Conj/Necr      8%         2d6       36%         1
 Ensorcelled Hibernation  Hex/Ice        10%        N/A       26%         2
 Tukima's Dance           Hex            8%         N/A       26%         3
 Passwall                 Tmut/Erth      1%         N/A       50%         2
 Swiftness                Air            2%         N/A       73%         3
 Animate Dead             Necr           2%         N/A       98%         4
 Dispel Undead            Necr           2%         3d7       98%         4
 Summon Ice Beast         Ice/Summ       2%         N/A       98%         4
 Summon Mana Viper        Hex/Summ       5%         N/A       99%         5
 Borgnjor's Vile Clutch   Necr/Erth      1%         N/A       100%        5
 Death Channel            Necr           1%         N/A       100%        6
 Monstrous Menagerie      Summ           1%         N/A       100%        7
 Blade Hands              Tmut           Unusable   N/A       N/A         5

Dungeon Overview and Level Annotations

Branches:
Dungeon (15/15)            Temple (0/1) D:7            Lair (5/5) D:11
 Shoals (0/4) Lair:3        Snake (0/4) Lair:3        Slime (1/5) Lair:4
    Orc (0/2) D:10         Vaults (0/5) D:13         Bailey (visited)
 Depths: D:15

Altars:
Ashenzari
Cheibriados
Fedhas
Hepliaklqana
Ru
Sif Muna
Trog
Wu Jian
Yredelemnul
Jiyva

Shops:
D:1 =   D:2 *   D:4 =   D:6 :   D:8 [?(?   D:9 *   D:14 ?

Annotations:
D:3 exclusion: door
D:5 3 runed translucent doors, HobsGoblin's ghost, novice OgWn; hattop's ghost, amateur DsTm
D:13 2 runed translucent doors, pdpol's ghost, journeyman MiFi
D:14 2 runed translucent doors, Pios Xaciraj's ghost, journeyman DgHW; Roxanne
Lair:4 exclusion: oklob plant


Innate Abilities, Weirdness & Mutations

You are immune to poison.
You have sharp fingernails.
Your flesh is cold resistant. (rC+)
You are immune to negative energy. (rN+++)
You do not regenerate when monsters are visible.
You are immune to unholy pain and torment.
You thrive by killing the living.


Message History

Aiming: Dig
Press: ? - help, Shift-Dir - straight line, f - you Please select a direction to dig.
Okay, then.
Unknown command.
The deep troll shouts!
Your muscles tense, ready for explosive movement...
You scratch the deep troll.
The deep troll is lightly wounded.
The deep troll bites you!
* * * LOW HITPOINT WARNING * * *
The deep troll completely misses you.
The deep troll claws you but does no damage.
Blink to where?
Press: ? - help, Dir - move target
As you read the scroll of blinking, it crumbles to dust.
Your supernatural speed expires.
As you read the scroll of teleportation, it crumbles to dust.
You feel strangely unstable.
Your surroundings suddenly seem different.
Splash!
You fall into the shallow water.
Moving in this stuff is going to be slow.
A deep troll comes into view.
The deep troll shouts!
You spin and attack the deep troll repeatedly.
You closely miss the deep troll. You mangle the deep troll!!
The deep troll is moderately wounded.
The deep troll bites you!
* * * LOW HITPOINT WARNING * * *
The deep troll completely misses you. The deep troll closely misses you.
Blink to where?
Press: ? - help, Dir - move target
As you read the scroll of blinking, it crumbles to dust.
You feel less exhausted.
The centaur warrior shouts!
The centaur warrior shoots an arrow.
The arrow hits you!
* * * LOW HITPOINT WARNING * * *
The centaur warrior shoots an arrow.
The arrow hits you!
You die...

.+..######..# ..#...#.#..# #§§.
.+ ......#####.#.....##.# #§§§ .#
#####..c###.#⌠..#....# #.§§ .#
............####.###.# #§§§ .#
###########........#....# #§§. .#
#.....).#.......##......# #...
.######...'#'#...#..#.#....###...
..## #.......#.##.######.......
...$ #.......#@##..##..........
.... #....<..#.# #.##..........
#.## #.......#.###.............
.# #.##.#..####....#....#....#
..# .....C.''# #....'........T.
...# ........... #....#...)......
.#. ...?.......##....##'#.......
) # #.###.###.###.... #.##......
.. .# .# #/ #.... #.##......


You could see a centaur warrior.

Vanquished Creatures
  Gastronok (D:11)
  2 dire elephants (Lair:3)
  Josephine (D:12)
  A fire dragon (Lair:5)
  3 vault guards (D:13)
  6 hydras
  4 boulder beetles
  A catoblepas (Lair:3)
  2 centaur warriors
  2 ogre magi
  5 two-headed ogres
  A tengu warrior (D:14)
  Urug (Lair:5)
  A deep elf knight (D:13)
  An orc high priest (Bailey)
  A fire crab (Lair:3)
  A skyshark (Lair:4)
  A deep troll (D:15)
  2 orc knights (D:13)
  2 wizards
  A lindwurm (shapeshifter) (D:15)
  A swamp dragon (Lair:5)
  Pikel (D:6)
  4 oklob plants (Lair:4)
  5 cyclopes
  4 deep elf pyromancers
  A manticore (D:11)
  2 ugly things (D:13)
  11 elephants
  An orc sorcerer (D:13)
  A torpor snail (Lair:5)
  7 black mambas
  3 gargoyles
  11 cane toads
  3 unseen horrors
  3 rime drakes (Lair:5)
  4 kobold demonologists
  12 komodo dragons
  An efreet (D:15)
  2 tengu conjurers
  10 polar bears (Lair:5)
  3 trolls
  Grinder (D:3)
  A tarantella (shapeshifter) (D:10)
  30 blink frogs
  7 dream sheep (Lair:3)
  3 raiju (Lair:5)
  A jumping spider (shapeshifter) (D:15)
  A shadow (D:12)
  A water elemental (D:12)
  17 slime creatures
  4 wyverns
  75 yaks
  2 vampires
  5 wraiths
  A human (D:13)
  Eustachio (D:4)
  5 basilisks
  A human (shapeshifter) (D:15)
  Grum (D:11)
  3 fire bats (Lair:1)
  4 steam dragons (Lair:5)
  8 wargs
  Menkaure (D:5)
  15 water moccasins
  3 nagas (Lair:3)
  3 acid dragons (Lair:5)
  14 hell hounds (Lair:5)
  3 ice beasts
  2 sky beasts
  12 black bears
  14 orc warriors
  2 ogres
  61 wolves
  10 centaurs
  3 phantoms
  5 kobold brigands
  17 bullfrogs
  A bullfrog (shapeshifter) (D:15)
  A gnoll sergeant (D:5)
  2 scorpions (D:5)
  3 wights (D:6)
  6 killer bees (D:9)
  7 electric eels
  A howler monkey (D:5)
  A jelly (D:5)
  10 hounds
  A gnoll bouda (D:8)
  6 orc priests
  12 iguanas
  8 orc wizards
  11 gnolls
  2 adders
  13 white imps
  An ufetubus (D:6)
  A worm (D:2)
  2 dart slugs (D:4)
  33 orcs
  6 bats
  4 endoplasms
  4 giant cockroaches
  16 goblins
  16 hobgoblins
  A jackal (D:4)
  A quokka (D:2)
  12 ball pythons
  4 frilled lizards
  12 kobolds
  3 rats (D:1)
668 creatures vanquished.

Vanquished Creatures (collateral kills)
  A deep troll earth mage (D:15)
  3 slime creatures (D:15)
  A gnoll sergeant (D:7)
  2 gnolls (D:7)
7 creatures vanquished.

Vanquished Creatures (others)
  A yak (D:11)
  A wyvern (D:9)
  A wolf (D:11)
  A goblin (Bailey)
  A hobgoblin (Bailey)
5 creatures vanquished.

Grand Total: 680 creatures vanquished

Notes
Turn   | Place    | Note
-------+----------+-------------------------------------------
     0 | D:1      | thromnambular the Ghoul Warper began the quest for the Orb.
     0 | D:1      | Reached XP level 1. HP: 17/17 MP: 2/2
   194 | D:1      | Found Bakaps Jaruz's Jewellery Boutique.
   234 | D:1      | Reached XP level 2. HP: 23/25 MP: 3/3
   349 | D:1      | Found a faded altar of an unknown god.
   392 | D:1      | Prayed at the altar of an unknown god.
   392 | D:1      | Became a worshipper of the Wu Jian Council
   392 | D:1      | Reached * piety under Wu Jian
   936 | D:2      | Reached XP level 3. HP: 30/30 MP: 4/4
  1132 | D:2      | Found a shimmering blue altar of Sif Muna.
  1196 | D:2      | Found Zuohi's General Store.
  1310 | D:2      | Reached ** piety under Wu Jian
  1385 | D:2      | Reached skill level 3 in Fighting
  1492 | D:3      | Reached XP level 4. HP: 20/38 MP: 5/5
  1637 | D:3      | Noticed a water moccasin
  1650 | D:3      | Killed a water moccasin
  1651 | D:3      | Reached XP level 5. HP: 20/46 MP: 6/6
  1657 | D:3      | Learned a level 2 spell: Blink
  1662 | D:3      | Learned a level 4 spell: Manifold Assault
  1787 | D:3      | Found a blossoming altar of Fedhas.
  1826 | D:3      | Noticed Grinder
  1839 | D:3      | Killed Grinder
  1840 | D:3      | Reached skill level 4 in Fighting
  1840 | D:3      | Reached XP level 6. HP: 29/53 MP: 7/7
  2077 | D:3      | Found a basalt altar of Yredelemnul.
  2077 | D:3      | Found a snail-covered altar of Cheibriados.
  2126 | D:3      | Found a bloodstained altar of Trog.
  2195 | D:4      | Reached XP level 7. HP: 60/60 MP: 8/8
  2221 | D:4      | Learned a level 3 spell: Teleport Other
  2228 | D:4      | Identified the +1 leather armour of the Unbearable God
                  | {Dex+3}
  2371 | D:4      | Noticed Eustachio
  2416 | D:4      | Killed Eustachio
  2417 | D:4      | Reached skill level 5 in Fighting
  2417 | D:4      | Reached skill level 5 in Unarmed Combat
  2427 | D:4      | Found a sacrificial altar of Ru.
  2497 | D:4      | Found Tayru's Jewellery Emporium.
  2761 | D:5      | Entered Level 5 of the Dungeon
  2764 | D:5      | Noticed Menkaure
  2780 | D:5      | HP: 2/61 [Menkaure (7)]
  3085 | D:6      | Noticed Pikel
  3096 | D:6      | Reached XP level 8. HP: 45/69 MP: 9/9
  3352 | D:6      | Reached *** piety under Wu Jian
  3444 | D:6      | Killed Pikel
  3445 | D:6      | Reached skill level 6 in Fighting
  3445 | D:6      | Reached skill level 5 in Dodging
  3492 | D:6      | Found a hazy altar of Hepliaklqana.
  3822 | D:6      | Found Gaik's Vocational Training.
  3856 | D:6      | Reached XP level 9. HP: 70/78 MP: 10/10
  3862 | D:6      | Learned a level 2 spell: Momentum Strike
  4131 | D:7      | Reached skill level 7 in Fighting
  4462 | D:7      | Found a staircase to the Ecumenical Temple.
  4475 | D:7      | Reached skill level 1 in Armour
  4949 | D:8      | Found Noreohou's Armour Emporium.
  4963 | D:8      | Bought a +0 helmet for 67 gold pieces
  4980 | D:8      | Found Lexuufe's Magic Scroll Boutique.
  5013 | D:8      | Found Fyhocryap's Weapon Emporium.
  5153 | D:8      | Reached skill level 5 in Translocations
  5331 | D:8      | Reached skill level 8 in Fighting
  5373 | D:8      | Reached XP level 10. HP: 26/90 MP: 11/13
  5441 | D:8      | Found a flagged portal.
  5555 | Bailey   | Entered a bailey
  5644 | Bailey   | Acquired 805 gold pieces
  5877 | Bailey   | Reached skill level 9 in Fighting
  5891 | Bailey   | Learned a level 3 spell: Vhi's Electric Charge
  5927 | Bailey   | Reached **** piety under Wu Jian
  6681 | Bailey   | Noticed an orc knight
  6684 | Bailey   | Identified the +5 short sword "Honoi" {freeze, rElec Will+
                  | SInv}
  6684 | Bailey   | Noticed a kobold demonologist
  6687 | Bailey   | Found an iron altar of Okawaru.
  6694 | Bailey   | Identified the +0 robe "Jiaror" {Int+3 SInv}
  6697 | Bailey   | Killed a kobold demonologist
  6709 | Bailey   | Noticed an orc high priest
  6724 | Bailey   | Killed an orc high priest
  6943 | D:8      | Bought a scroll of torment for 114 gold pieces
  6943 | D:8      | Bought a scroll of teleportation for 36 gold pieces
  6943 | D:8      | Bought a scroll of enchant armour for 90 gold pieces
  6943 | D:8      | Bought a scroll of teleportation for 36 gold pieces
  6943 | D:8      | Bought a scroll of blinking for 90 gold pieces
  6943 | D:8      | Bought a scroll of fog for 48 gold pieces
  7233 | D:8      | Found Junum's Magic Scroll Shoppe.
  7243 | D:8      | Bought a scroll of identify for 26 gold pieces
  7243 | D:8      | Bought a scroll of teleportation for 39 gold pieces
  7398 | D:9      | Learned a level 2 spell: Lesser Beckoning
  7435 | D:9      | Found Webboure's Assorted Antiques.
  7536 | D:9      | Reached skill level 1 in Throwing
  7757 | D:9      | Noticed a two-headed ogre
  7776 | D:9      | Killed a two-headed ogre
  7777 | D:9      | Reached skill level 10 in Unarmed Combat
  7864 | D:9      | Reached XP level 11. HP: 99/99 MP: 16/16
  8008 | D:10     | Entered Level 10 of the Dungeon
  8018 | D:10     | Reached skill level 10 in Fighting
  8493 | D:10     | Found a broken altar of Ashenzari.
  8553 | D:10     | Acquired the amulet "Dacaimif" {RegenMP rPois rF+ rCorr
                  | Str+4}
  8775 | D:10     | Found a staircase to the Orcish Mines.
  9103 | D:10     | Reached skill level 5 in Armour
  9573 | D:11     | Noticed a two-headed ogre
  9807 | D:11     | Killed a two-headed ogre
 10121 | D:11     | Noticed Grum
 10131 | D:11     | Killed Grum
 10279 | D:11     | You fall into a shaft and drop 3 floors!
 10316 | D:13     | Noticed a purple ugly thing
 10331 | D:13     | Killed a purple ugly thing
 10438 | D:13     | Noticed a deep elf knight
 10438 | D:13     | Noticed an orc knight
 10438 | D:13     | Noticed a vault guard
 10726 | D:13     | Noticed a brown ugly thing
 10750 | D:13     | Killed a brown ugly thing
 10750 | D:13     | Reached ***** piety under Wu Jian
 10751 | D:13     | Reached skill level 11 in Fighting
 10940 | D:13     | Noticed a centaur warrior
 10951 | D:13     | Killed a centaur warrior
 11333 | D:13     | Reached XP level 12. HP: 80/110 MP: 17/17
 11425 | D:13     | Found a large runed translucent door.
 11425 | D:13     | Found a large runed translucent door.
 11426 | D:13     | Noticed pdpol's ghost (journeyman MiFi)
 11850 | D:11     | Noticed Gastronok
 11865 | D:11     | Killed Gastronok
 12296 | D:8      | Bought the +8 storm bow {elec, penet} for 758 gold pieces
 12296 | D:8      | Found the +8 storm bow {elec, penet}
 12679 | D:5      | Reached skill level 1 in Ranged Weapons
 12703 | D:5      | Killed Menkaure
 12704 | D:5      | Reached skill level 12 in Fighting
 13047 | D:5      | Found a runed translucent gate.
 13047 | D:5      | Found a runed translucent gate.
 13047 | D:5      | Found a runed translucent gate.
 13047 | D:5      | Noticed hattop's ghost (amateur DsTm)
 13047 | D:5      | Noticed HobsGoblin's ghost (novice OgWn)
 13543 | D:11     | Found a staircase to the Lair.
 13863 | Lair:1   | Entered Level 1 of the Lair of Beasts
 13883 | Lair:1   | You fall into a shaft and drop 1 floor!
 13883 | Lair:2   | Noticed a six-headed hydra
 14827 | Lair:1   | Reached XP level 13. HP: 108/119 MP: 18/18
 15386 | Lair:2   | Reached skill level 5 in Ranged Weapons
 17024 | Lair:3   | Noticed a dire elephant
 17152 | Lair:3   | Noticed a dire elephant
 17286 | Lair:3   | Killed a dire elephant
 17456 | Lair:3   | Killed a dire elephant
 17795 | Lair:3   | Found a staircase to the Snake Pit.
 17802 | Lair:3   | Reached ****** piety under Wu Jian
 17849 | Lair:3   | Found a staircase to the Shoals.
 18228 | Lair:3   | Reached XP level 14. HP: 127/127 MP: 19/19
 18569 | Lair:4   | Identified the +0 halberd "Hellblazer" {protect, MP+9 Str+2
                  | Dex+3}
 18953 | Lair:4   | Found a viscous altar of Jiyva.
 19081 | Lair:4   | Found a staircase to the Slime Pits.
 19161 | Lair:4   | Reached skill level 13 in Fighting
 19787 | Lair:5   | Entered Level 5 of the Lair of Beasts
 20042 | Lair:5   | Noticed Urug
 20048 | Lair:5   | Killed Urug
 20304 | Slime:1  | Entered Level 1 of the Pits of Slime
 21499 | Lair:5   | Reached XP level 15. HP: 130/137 MP: 20/20
 21626 | Lair:5   | Reached skill level 14 in Fighting
 22563 | Lair:5   | Reached skill level 10 in Armour
 23234 | D:12     | Reached skill level 10 in Ranged Weapons
 23341 | D:12     | Noticed Josephine
 23350 | D:12     | Killed Josephine
 24132 | D:13     | Found a hazy altar of Hepliaklqana.
 24331 | D:13     | Reached skill level 10 in Dodging
 24453 | D:13     | Reached skill level 15 in Fighting
 24457 | D:13     | Learned a level 3 spell: Portal Projectile
 24485 | D:13     | Found a gate to the Vaults.
 24873 | D:13     | Reached skill level 1 in Hexes
 25355 | D:14     | Noticed Roxanne
 25382 | D:14     | Found Puefo's Magic Scroll Shoppe.
 25385 | D:14     | Bought a scroll of enchant armour for 105 gold pieces
 25385 | D:14     | Bought a scroll of fear for 56 gold pieces
 25688 | D:14     | Found a large runed translucent door.
 25746 | D:14     | Found a large runed translucent door.
 25822 | D:14     | Noticed Pios Xaciraj's ghost (journeyman DgHW)
 26301 | D:15     | Entered Level 15 of the Dungeon
 26358 | D:15     | Learned a level 3 spell: Confusing Touch
 26611 | D:15     | Reached XP level 16. HP: 114/149 MP: 21/21
 27357 | D:15     | HP: 2/149 [centaur warrior/arrow (14)]
 27358 | D:15     | Shot with an arrow by a centaur warrior

Illustrated notes

Levels and vault maps discovered:
D:1:      dpeg_arrival_long_road, layout_basic, serial_shops,
          nicolae_shop_back_alley_shop,
          shapermc_ecumenical_altar_mp_urbaneastern
D:2:      layout_basic, basic_altar, serial_glass, glass_columns_a,
          glass_columns_a, glass_columns_a, glass_columns_c, glass_columns_a,
          glass_columns_c, minmay_strange_pillars, serial_shops, shop
D:3:      layout_basic, fedhas_altar_4, gammafunk_temple_overflow_statue,
          mainiacjoe_overflow_swirl, uniq_grinder
D:4:      layout_rooms, nicolae_ru_great_annihilating_truth, serial_shops,
          kennysheep_mini_moat, uniq_eustachio
D:5:      layout_rooms, gammafunk_ghost_cemetery, uniq_menkaure
D:6:      layout_gridville, mainiacjoe_overflow_chevrons,
          nicolae_shop_vocational, uniq_pikel
D:7:      layout_loops_ring, minmay_temple_entry_statues_pillars
D:8:      layout_rooms, enter_bailey_8, serial_shops, shop,
          nicolae_shop_crystal, nicolae_square_shop, kennysheep_little_box,
          corner_web_ring, grunt_ministairs_12
D:9:      layout_rooms, serial_shops, shop
D:10:     layout_basic, lemuel_doored_altar, david_orc_1_choice
D:11:     layout_irregular_city, erik_lair_orcish_takeover,
          portal_ice_cave_entry_imps, uniq_grum, uniq_gastronok
D:12:     layout_basic, minivault_23, nzn_life_drinkers, uniq_josephine
D:13:     layout_cave_pods, grunt_vaults_entry_fortified,
          ebering_ghost_disaster_area, nicolae_hepliaklqana_hazy_memory
D:14:     layout_cave_pods, ebering_ghost_disaster_area, kennysheep_boxes,
          serial_shops, nicolae_shop_rolled_up, uniq_roxanne
D:15:     hangedman_depths_entry_civil_slaughter, layout_basic,
          chequers_serial_rivers_small_3, hangedman_corner_corridor
Lair:1:   layout_hall_layers, nicolae_volcano_entry_batcave
Lair:2:   layout_loops_ring, lemuel_fruit_tree, infiniplex_staircase_pool_2,
          serial_bayou_shore_a, grunt_megastairs_2
Lair:3:   nzn_winding_woodlands_small [nzn_winding_woodlands_5x15_sidewinder,
          nzn_winding_woodlands_center_lodge,
          nzn_winding_woodlands_5x15_sawtooth], layout_loops_ring,
          minmay_shoals_entry_centaurs, minmay_snake_entry_guardpost_medium,
          nicolae_lair_grazing_beasts [nicolae_sub_lair_graze_edge,
          nicolae_sub_lair_graze_edge, nicolae_sub_lair_graze_edge,
          nicolae_sub_lair_graze_edge], serial_bayou_shore_b
Lair:4:   layout_regular_city, minmay_slime_entry_oklob_open,
          grunt_forest_large_clearings, grunt_megastairs_3
Lair:5:   hangedman_lair_caniforms_friends, layout_concentric_octagons,
          guppyfry_lair_end_dragon, grunt_megastairs_1, uniq_urug
Slime:1:  layout_caves, nicolae_slime_getting_an_eyeful

Skill      XL: |  1  2  3  4  5  6  7  8  9 10 11 12 13 14 15 16 |
---------------+-------------------------------------------------+-----
Dodging        | 2 3 4 5 6 8 9 10 | 10.7
Fighting       | 3 4 5 6 8 9 11 12 13 15 | 15.0
Unarmed Combat | 3 4 5 6 8 10 11 12 14 | 14.5
Translocations | 3 4 5 |  5.0
Armour         | 2 4 6 8 9 10 | 10.0
Spellcasting   | 2 4 |  4.1
Throwing       | 2 4 |  4.0
Ranged Weapons | 4 7 9 11 | 11.1
Hexes          | 2 3 |  3.4

Action                     |  1- 3 |  4- 6 |  7- 9 | 10-12 | 13-15 | 16-18 || total
---------------------------+-------+-------+-------+-------+-------+-------++-------
  Melee: Unarmed           |   142 |    42 |   361 |   857 |   836 |    34 ||  2272
         Punch             |     1 |       |    23 |    82 |    91 |     6 ||   203
   Fire: Longbow           |       |       |       |       |   671 |    17 ||   688
  Throw: Boomerang         |     4 |       |     9 |     4 |       |       ||    17
   Cast: Momentum Strike   |       |       |     1 |       |       |       ||     1
 Invoke: Serpent's Lash    |       |       |     1 |     3 |     2 |     2 ||     8
Ability: Lunge             |     9 |     7 |    19 |    34 |    26 |     1 ||    96
         Whirlwind         |       |       |     2 |    12 |    12 |     2 ||    28
  Evoke: Wand              |       |       |     1 |    23 |     9 |     1 ||    34
    Use: Scroll            |     3 |       |     9 |    24 |    15 |    12 ||    63
         Potion            |       |     2 |     7 |     4 |     7 |     3 ||    23
   Stab: Paralysed         |       |       |     1 |       |       |       ||     1
         Distracted        |       |       |     2 |       |     2 |       ||     4
         Invisible         |       |       |       |     6 |     5 |       ||    11
         Sleeping          |       |       |       |       |     3 |       ||     3
 Armour: Leather armour    |    27 |     4 |    33 |       |       |       ||    64
         Ring mail         |       |       |    45 |   259 |   447 |    24 ||   775
  Dodge: Dodged            |    76 |    29 |   198 |   462 |   825 |    32 ||  1622
